 Dungeon Crawl Stone Soup version 0.26-a0-612-gd4d190f45e (webtiles) character file.

Game seed: 9513398157505321973

1850 MrRokkomies the Conjurer (level 8, -4/99 HPs)
             Began as a Demigod Conjurer on Sept 10, 2020.
             Slain by a black bear (9 damage)
             ... on level 7 of the Dungeon.
             The game lasted 00:12:28 (7370 turns).

MrRokkomies the Conjurer (Demigod Conjurer)         Turns: 7370, Time: 00:12:29

Health: -4/99      AC:  2    Str: 10    XL:     8   Next: 58%
Magic:  16/17      EV: 16    Int: 26    God:
Gold:   351        SH:  0    Dex: 14    Spells: 5/15 levels left

rFire    . . .     SeeInvis .   C - +3 halberd (vamp)
rCold    . . .     Faith    .   (shield currently unavailable)
rNeg     . . .     Spirit   .   z - +0 robe
rPois    .         Reflect  .   (no helmet)
rElec    .         Harm     .   (no cloak)
rCorr    .                      (no gloves)
MR       .....                  (no boots)
Stlth    ..........             (no amulet)
HPRegen  0.26/turn              B - ring of wizardry
MPRegen  0.15/turn              (no ring)

@: berserking, lightly drained, very quick
A: high mp 1
a: no special abilities


You were on level 7 of the Dungeon.
You visited 1 branch of the dungeon, and saw 7 of its levels.
You also visited: Sewer.

You collected 351 gold pieces.

Inventory:

Hand Weapons
 a - the +9 spear of a wizard's laboratory {pain, rPois Str+3 Int-2 SInv}
   (You found it on level 6 of the Dungeon)

   In the hands of one skilled in necromantic magic, it inflicts extra damage on
   living creatures.
   It affects your strength (+3).
   It affects your intelligence (-2).
   It protects you from poison.
   It lets you see invisible.
 C - a +3 vampiric halberd (weapon)
Missiles
 o - 8 poisoned darts (quivered)
Armour
 z - a +0 robe (worn)
Jewellery
 B - a ring of wizardry (left hand)
Wands
 r - a wand of enslavement (9)
 w - a wand of digging (9)
 y - a wand of polymorph (3)
Scrolls
 b - 4 scrolls of remove curse
 h - 2 scrolls of amnesia
 k - a scroll of blinking
 m - 5 scrolls of teleportation
 v - a scroll of enchant weapon
Potions
 c - 2 potions of mutation
 d - 2 potions of flight
 e - 2 potions of heal wounds
 f - 8 potions of curing
 i - a potion of degeneration {unknown}
 j - a potion of lignification {unknown}
 l - a potion of berserk rage
 p - a potion of invisibility {unknown}
 q - 2 potions of stabbing
 s - a potion of experience {unknown}
 x - 2 potions of ambrosia


   Skills:
 + Level 4.0 Fighting
 * Level 6.3 Dodging
 - Level 1.7 Stealth
 + Level 4.2 Spellcasting
 * Level 7.1 Conjurations


You had 5 spell levels left.
You knew the following spells:

 Your Spells              Type           Power        Failure   Level
a - Magic Dart            Conj           ####         1%          1
b - Searing Ray           Conj           #####.       1%          2
c - Dazzling Flash        Conj/Hex       ###...       2%          3
d - Iskenderun's Mystic   Conj/Tloc      ###.....     8%          4

Your spell library contained the following spells:

 Spells                   Type           Power        Failure   Level
 Corona                   Hex            #......      3%          1
 Ensorcelled Hibernation  Hex/Ice        #.....       5%          2
 Fulminant Prism          Conj/Hex       ###.......   8%          4
 Confusing Touch          Hex            #.......     11%         3
 Tukima's Dance           Hex            #.......     11%         3


Dungeon Overview and Level Annotations

Branches:
Dungeon (7/15)             Temple (0/1) D:5           Sewer (visited)

Shops:
D:7 *

Annotations:
D:5 2 transporters, Askman's ghost, amateur DsGl


Innate Abilities, Weirdness & Mutations

You have an increased reservoir of magic. (+10% MP)


Message History

You barely miss the orc.
The orc is moderately wounded.
Something hits you.
* * * LOW HITPOINT WARNING * * *
Something shocks you.
* * * LOW HITPOINT WARNING * * *
The orc closely misses you. The black bear completely misses you.
The black bear claws you.
* * * LOW HITPOINT WARNING * * *
The black bear claws you.
* * * LOW HITPOINT WARNING * * *
The orc barely misses you.
You completely miss the orc.
The orc is moderately wounded.
Something hits you.
* * * LOW HITPOINT WARNING * * *
Something shocks you.
* * * LOW HITPOINT WARNING * * *
The orc closely misses you. The black bear bites you!
You die...

#.........#*##*
#.........#...***
#.........#...,,,
##............,,,
#..$.....$#...,**
##.............,,,
#.a.......\....,,,
#h{.(..<...#,,,,,,
#@oJ.......###.,,,
#o#.$......#A#.***
*#.##.)....####.**,
*..##........\.#**,
*#..##...........,,,
*...##........_..***
#...##...#..#...,***
#..##*,,,*,,,,,,,,,,
*,,* *,,,**,,*,,*,,,


You could see a black bear, a jelly, a worker ant and 2 orcs.

Vanquished Creatures
  Prince Ribbit (D:6)
  Duvessa (D:6)
  A sky beast (D:6)
  An ice beast (D:5)
  A phantom (D:5)
  3 ogres
  Blork the orc (D:6)
  2 bullfrogs
  A scorpion (D:5)
  Dowan (D:6)
  A wight (D:6)
  2 howler monkeys (D:6)
  4 jellies
  3 hounds
  An orc priest (D:7)
  An orc wizard (D:3)
  2 iguanas
  4 worker ants
  A hound zombie (D:6)
  A hound skeleton (D:6)
  6 adders
  An ufetubus (D:6)
  2 adder skeletons (D:4)
  3 worms
  2 leopard geckos
  14 orcs
  13 giant cockroaches
  7 goblins
  8 hobgoblins
  9 jackals
  8 kobolds
  3 quokkas
  6 ball pythons
  8 bats
  14 frilled lizards
  2 leopard gecko skeletons
  6 rats
145 creatures vanquished.

Notes
Turn   | Place    | Note
-------+----------+-------------------------------------------
     0 | D:1      | MrRokkomies the Demigod Conjurer began the quest for the
                  | Orb.
     0 | D:1      | Reached XP level 1. HP: 14/14 MP: 5/5
   478 | D:1      | Reached XP level 2. HP: 22/22 MP: 4/7
   604 | D:1      | Learned a level 2 spell: Searing Ray
  1369 | D:2      | Reached skill level 4 in Conjurations
  1745 | D:2      | Reached XP level 3. HP: 27/27 MP: 8/8
  1838 | D:2      | Learned a level 3 spell: Dazzling Flash
  2050 | D:3      | Found a glowing drain.
  2068 | D:3      | Reached skill level 1 in Fighting
  2080 | Sewer    | Entered a sewer
  2630 | Sewer    | Noticed a bullfrog
  2633 | Sewer    | Killed a bullfrog
  2633 | Sewer    | Reached XP level 4. HP: 35/35 MP: 5/10
  3234 | D:3      | Reached XP level 5. HP: 40/40 MP: 8/11
  4010 | D:4      | Found a hazy altar of Hepliaklqana.
  4075 | D:4      | Noticed an ogre
  4086 | D:4      | Killed an ogre
  4086 | D:4      | Reached skill level 5 in Conjurations
  4086 | D:4      | Reached XP level 6. HP: 39/48 MP: 7/13
  4659 | D:5      | Entered Level 5 of the Dungeon
  4833 | D:5      | Reached XP level 7. HP: 56/56 MP: 11/14
  5097 | D:5      | Found a staircase to the Ecumenical Temple.
  5251 | D:5      | Learned a level 4 spell: Iskenderun's Mystic Blast
  5536 | D:5      | Found a transporter.
  5536 | D:5      | Noticed Askman's ghost (amateur DsGl)
  5540 | D:5      | Found a transporter.
  5734 | D:6      | Reached skill level 6 in Conjurations
  5736 | D:6      | Reached skill level 5 in Dodging
  5832 | D:6      | Noticed Duvessa
  5832 | D:6      | Noticed Dowan
  5868 | D:6      | Killed Dowan
  5869 | D:6      | Killed Duvessa
  6100 | D:6      | Reached XP level 8. HP: 59/63 MP: 7/16
  6299 | D:6      | Got a fine spear
  6300 | D:6      | Identified the +9 spear of a wizard's laboratory {pain,
                  | rPois Str+3 Int-2 SInv} (You found it on level 6 of the
                  | Dungeon)
  6584 | D:6      | Noticed Blork the orc
  6591 | D:6      | Killed Blork the orc
  6907 | D:6      | Noticed Prince Ribbit
  6912 | D:6      | Killed Prince Ribbit
  7074 | D:6      | Reached skill level 7 in Conjurations
  7352 | D:7      | Found Umabb's Hallowed Reliquary.
  7352 | D:7      | Found a white marble altar of Elyvilon.
  7352 | D:7      | Noticed an angel
  7370 | D:7      | Slain by a black bear

Illustrated notes

Levels and vault maps discovered:
D:1:      matt_arrival_spirals, layout_rooms
D:2:      layout_basic
D:3:      layout_loops_cross, portal_sewer_entry_a
D:4:      layout_rooms, marbit_many_paths, kennysheep_pointless_box
D:5:      minmay_skewed_foursquare, layout_basic, minmay_temple_entry_grid,
          gammafunk_ghost_arena
D:6:      layout_gridville, chequers_mini_garden, uniq_prince_ribbit1,
          uniq_duvessa, uniq_blork_the_orc
D:7:      layout_rooms, nicolae_ossuary_entry_monument, abandoned_shop,
          nicolae_good_shop

Skill      XL: |  1  2  3  4  5  6  7  8 |
---------------+-------------------------+-----
Dodging        | 2 3 4 5 6 |  6.3
Spellcasting   | 2 3 4 |  4.2
Conjurations   | 4 5 6 7 |  7.1
Fighting       | 1 2 3 4 |  4.0
Stealth        | |  1.7

Action                   |  1- 3 |  4- 6 |  7- 9 || total
-------------------------+-------+-------+-------++-------
Melee: Short sword       |    18 |       |       ||    18
       Trident           |       |    32 |       ||    32
       Dagger            |       |    38 |    66 ||   104
       Halberd           |       |       |    22 ||    22
       Spear             |       |       |     3 ||     3
Throw: Dart              |       |     4 |     4 ||     8
 Cast: Magic Dart        |    95 |    29 |    35 ||   159
       Searing Ray       |     2 |    13 |    14 ||    29
  Use: Scroll            |     6 |     5 |     6 ||    17
       Potion            |       |       |     2 ||     2
 Stab: Sleeping          |     1 |     3 |     2 ||     6
Armor: Robe              |     4 |    12 |    34 ||    50
Dodge: Dodged            |    15 |    58 |   109 ||   182

Table legend: (Time is in decaauts)
 A = Elapsed time spent in this place.
 B = Non-inter-level travel time spent in this place.
 C = Inter-level travel time spent in this place.
 D = Time resting spent in this place.
 E = Time spent auto-exploring this place.
 F = Levels seen in this place.
 G = Mean time per level.
                   A        B        C        D        E       F      G
               +--------+--------+--------+--------+--------+-----+--------+
         Total |   7427 |   7241 |    186 |    230 |   6104 |   8 |  928.4 |
       Dungeon |   6776 |   6590 |    186 |     18 |   5742 |   7 |  968.0 |
         Sewer |    650 |    650 |      0 |    212 |    361 |   1 |  650.0 |
               +--------+--------+--------+--------+--------+-----+--------+

Top non-repeatable levels by time:
     D:6: 1651 daAuts
     D:2: 1257 daAuts
     D:3: 1174 daAuts
     D:5: 1041 daAuts
     D:4: 1008 daAuts
   Sewer: 650 daAuts
     D:1: 616 daAuts
     D:7: 26 daAuts
